 Dungeon Crawl Stone Soup version 0.31-a0-237-g2d982f9f85 (webtiles) character file.

Game seed: 14668676445531202353

381 garrulousMonolith the Digger (level 6, -2/44 HPs)
             Began as a Gnoll Earth Elementalist on July 12, 2023.
             Slain by an orc
             ... wielding a +6 short sword
              (7 damage)
             ... on level 4 of the Dungeon.
             The game lasted 00:03:38 (3009 turns).

garrulousMonolith the Digger (GnEE)                 Turns: 3009, Time: 00:03:39

Health: -2/44      AC:  4    Str:  7    XL:     6   Next: 75%
Magic:  9/14       EV: 13    Int: 17    God:
Gold:   124        SH:  0    Dex: 12    Spells: 9/15 levels left

rFire   + . .        f - staff of poison
rCold   . . .        (no shield)
rNeg    . . .        l - +0 leather armour
rPois   +            q - +0 helmet
rElec   .            (no cloak)
rCorr   +            (no gloves)
SInv    .            (no boots)
Will    +....        (no amulet)
Stlth   ++           h - ring of protection from cold
HPRegen 0.27/turn    k - ring of Bidah {Fire Will+ rCorr}
MPRegen 0.14/turn

%: no passive effects
@: no status effects
A: fangs 1, strong nose, distributed training
a: no special abilities


You were on level 4 of the Dungeon.
You visited 1 branch of the dungeon, and saw 4 of its levels.

You collected 124 gold pieces.

Inventory:

Hand Weapons
 d - a +0 dagger of protection
Missiles
 g - a throwing net
Armour
 l - a +0 leather armour (worn)
 q - a +0 helmet (worn)
Magical Staves
 f - a staff of poison (weapon)
Jewellery
 h - a ring of protection from cold (left hand)
 k - the ring of Bidah (right hand) {Fire Will+ rCorr}
   (You found it on level 2 of the Dungeon)

   [ring of fire]

   It enhances your fire magic.
   rF:        It protects you from fire.
   rC:        It makes you vulnerable to cold.
   rCorr:     It protects you from acid and corrosion.
   Will:      It increases your willpower.
 p - a +5 ring of evasion
 r - a +6 ring of dexterity
Scrolls
 c - a scroll of noise
 e - a scroll of identify
 i - a scroll of fear {unknown}
 j - 2 scrolls of immolation
 m - a scroll of brand weapon
 n - a scroll of summoning {unknown}
 o - a scroll of teleportation {unknown}
Potions
 b - a potion of magic


   Skills:
 + Level 2.2 Fighting
 + Level 2.2 Short Blades
 + Level 2.2 Long Blades
 + Level 2.2 Axes
 + Level 2.2 Maces & Flails
 + Level 2.2 Polearms
 + Level 2.2 Staves
 + Level 2.2 Ranged Weapons
 + Level 2.2 Throwing
 + Level 2.2 Armour
 + Level 5.1 Dodging
 + Level 4.7 Stealth
 + Level 2.2 Shields
 + Level 2.2 Unarmed Combat
 + Level 5.4 Spellcasting
 + Level 1.7 Conjurations
 + Level 1.7 Hexes
 + Level 1.7 Summonings
 + Level 1.7 Necromancy
 + Level 1.7 Translocations
 + Level 2.8 Transmutations
 + Level 1.7 Fire Magic
 + Level 1.7 Ice Magic
 + Level 1.7 Air Magic
 + Level 5.7 Earth Magic
 + Level 1.7 Poison Magic
 + Level 2.4 Invocations
 + Level 2.2 Evocations


You had 9 spell levels left.
You knew the following spells:

 Your Spells              Type           Power      Damage    Failure   Level
a - Sandblast             Erth           48%        2d12      1%          1
b - Stone Arrow           Conj/Erth      34%        3d9       13%         3
c - Passwall              Tmut/Erth      15%        N/A       5%          2

Your spell library contained the following spells:

 Spells                   Type           Power      Damage    Failure   Level
 Petrify                  Tmut/Erth      19%        N/A       34%         4


Dungeon Overview and Level Annotations

Branches:
Dungeon (4/15)
 Temple: D:4-7

Altars:

Annotations:
D:3 exclusion: downstairs


Innate Abilities, Weirdness & Mutations

You have very sharp teeth.
Your uncanny sense of smell can sniff out nearby items.
Your experience applies equally to all skills.


Message History

Confirm with . or Enter, or press ? or * to list all spells.
Aiming: Sandblast (safe; 1% risk of failure)
Press: ? - help, Shift-Dir - straight line, f/p - orc
Aim: an orc, wielding a +6 short sword and wearing a +0 scale mail (85% to hit)
The blast of sand hits the orc.
The orc is moderately wounded.
The orc hits you but does no damage. The orc hits you with a +6 short sword.
The kobold closely misses you. The orc closely misses you.
The orc hits you with a +0 club. The kobold barely misses you.
As you read the scroll labelled PAPNAM LEREPNIO, it crumbles to dust.
The creatures around you are filled with an inner flame!
It was a scroll of immolation.
The orc hits you with a +0 club. The orc hits you with a +6 short sword.
* * * LOW HITPOINT WARNING * * *
The kobold barely misses you.
Okay, then.
You feel better. The orc hits you with a +6 short sword.
The orc hits you but does no damage. The kobold closely misses you.
As you read the scroll labelled TAIXIA TASHRE, it crumbles to dust.
It is a scroll of brand weapon.
Your +0 dagger projects an invisible shield of force!
d - a +0 dagger of protection The orc closely misses you.
The orc hits you with a +6 short sword.
* * * LOW HITPOINT WARNING * * *
The orc priest barely misses you. The kobold misses you.
As you read the scroll labelled LOIPLY HOBE, it crumbles to dust.
It is a scroll of identify.
c - a scroll of noise The orc hits you with a +0 club.
* * * LOW HITPOINT WARNING * * *
The orc closely misses you. The orc priest closely misses you.
The kobold misses you.
Okay, then.
Okay, then.
The orc priest attacks as you move away!
The orc priest hits you but does no damage.
The orc attacks as you move away! The orc hits you with a +0 club.
* * * LOW HITPOINT WARNING * * *
The orc hits you with a +6 short sword!
You die...

#...#####
#.........#
#.........#
#.........
#.... ...#
#...# ...#
#...# ...##..
#...##o......
#...@oK......
#...o#........#
#....#........#
#...##..###...#
#...##..###...#
#.............#
#.............#
#.............#
#.............#


You could see an orc priest (inner flame), 2 orcs and a kobold (inner flame).

Vanquished Creatures
  Sigmund (D:2)
  A black bear (D:3)
  An orc wizard (D:3)
  3 gnolls (D:3)
  2 adders
  3 worms (D:2)
  5 orcs
  3 ball pythons
  4 bats
  An endoplasm (D:4)
  5 giant cockroaches
  5 goblins
  6 hobgoblins
  2 quokkas (D:2)
  A frilled lizard (D:2)
  4 kobolds
  9 rats
56 creatures vanquished.

Notes
Turn   | Place    | Note
-------+----------+-------------------------------------------
     0 | D:1      | garrulousMonolith the Gnoll Earth Elementalist began the
                  | quest for the Orb.
     0 | D:1      | Reached XP level 1. HP: 13/13 MP: 6/6
   291 | D:1      | Reached XP level 2. HP: 19/19 MP: 3/7
   584 | D:1      | You fall into a shaft and drop 1 floor!
   732 | D:2      | Reached skill level 5 in Spellcasting
   732 | D:2      | Reached XP level 3. HP: 25/25 MP: 4/9
   736 | D:2      | Learned a level 3 spell: Stone Arrow
   739 | D:2      | Learned a level 2 spell: Passwall
  1056 | D:1      | Reached skill level 1 in Invocations
  1398 | D:2      | Reached skill level 1 in Fighting
  1398 | D:2      | Reached skill level 1 in Short Blades
  1398 | D:2      | Reached skill level 1 in Long Blades
  1398 | D:2      | Reached skill level 1 in Axes
  1398 | D:2      | Reached skill level 1 in Maces & Flails
  1398 | D:2      | Reached skill level 1 in Polearms
  1398 | D:2      | Reached skill level 1 in Staves
  1398 | D:2      | Reached skill level 1 in Ranged Weapons
  1398 | D:2      | Reached skill level 1 in Throwing
  1398 | D:2      | Reached skill level 1 in Armour
  1398 | D:2      | Reached skill level 1 in Shields
  1398 | D:2      | Reached skill level 1 in Unarmed Combat
  1398 | D:2      | Reached skill level 1 in Evocations
  1534 | D:2      | Identified the ring of Bidah {Fire Will+ rCorr}
  1823 | D:2      | Noticed Sigmund
  1830 | D:2      | Killed Sigmund
  1831 | D:2      | Reached skill level 1 in Conjurations
  1831 | D:2      | Reached skill level 1 in Hexes
  1831 | D:2      | Reached skill level 1 in Summonings
  1831 | D:2      | Reached skill level 1 in Necromancy
  1831 | D:2      | Reached skill level 1 in Translocations
  1831 | D:2      | Reached skill level 1 in Fire Magic
  1831 | D:2      | Reached skill level 1 in Ice Magic
  1831 | D:2      | Reached skill level 1 in Air Magic
  1831 | D:2      | Reached skill level 1 in Poison Magic
  1831 | D:2      | Reached XP level 4. HP: 26/33 MP: 6/11
  1831 | D:2      | Reached XP level 5. HP: 31/38 MP: 6/12
  2261 | D:3      | Reached XP level 6. HP: 21/44 MP: 6/13
  2416 | D:3      | Reached skill level 5 in Dodging
  2813 | D:4      | Noticed a black bear
  2820 | D:3      | Killed a black bear
  3009 | D:4      | Slain by an orc

Illustrated notes

Levels and vault maps discovered:
D:1:      minmay_arrival_shattered_statue, layout_basic
D:2:      layout_loops_cross, uniq_sigmund
D:3:      layout_rooms
D:4:      layout_gridville, minmay_misc_feat_rows, nicolae_underground_beach

Skill      XL: |  1  2  3  4  5  6 |
---------------+-------------------+-----
Transmutations | 2 |  2.8
Spellcasting   | 5 |  5.4
Invocations    | 2 |  2.4
Fighting       | 1 2 |  2.2
Short Blades   | 1 2 |  2.2
Long Blades    | 1 2 |  2.2
Axes           | 1 2 |  2.2
Maces & Flails | 1 2 |  2.2
Polearms       | 1 2 |  2.2
Staves         | 1 2 |  2.2
Ranged Weapons | 1 2 |  2.2
Throwing       | 1 2 |  2.2
Armour         | 1 2 |  2.2
Shields        | 1 2 |  2.2
Unarmed Combat | 1 2 |  2.2
Evocations     | 1 2 |  2.2
Conjurations   | 1 |  1.7
Hexes          | 1 |  1.7
Summonings     | 1 |  1.7
Necromancy     | 1 |  1.7
Translocations | 1 |  1.7
Fire Magic     | 1 |  1.7
Ice Magic      | 1 |  1.7
Air Magic      | 1 |  1.7
Poison Magic   | 1 |  1.7
Dodging        | 5 |  5.1
Stealth        | |  4.7
Earth Magic    | |  5.7

Action                     |  1- 3 |  4- 6 || total
---------------------------+-------+-------++-------
   Cast: Sandblast         |    58 |    34 ||    92
         Stone Arrow       |     1 |     2 ||     3
    Use: Scroll            |       |     3 ||     3
         Potion            |       |     2 ||     2
 Armour: Leather armour    |       |     5 ||     5
  Dodge: Dodged            |    14 |    32 ||    46

Table legend: (Time is in decaauts)
 A = Elapsed time spent in this place.
 B = Non-inter-level travel time spent in this place.
 C = Inter-level travel time spent in this place.
 D = Time resting spent in this place.
 E = Time spent auto-exploring this place.
 F = Levels seen in this place.
 G = Mean time per level.
                   A        B        C        D        E       F      G
               +--------+--------+--------+--------+--------+-----+--------+
         Total |   3054 |   2819 |    235 |    447 |   1976 |   4 |  763.5 |
       Dungeon |   3054 |   2819 |    235 |    447 |   1976 |   4 |  763.5 |
               +--------+--------+--------+--------+--------+-----+--------+

Top non-repeatable levels by time:
     D:1: 1118 daAuts
     D:2: 1084 daAuts
     D:3: 788 daAuts
     D:4: 62 daAuts
